Workbook

Sheet Estimated Sales Budget
C2: Month | D2: 1st | E2: 2nd | F2: 3rd
C3: Sales Quantity (Pkts) | D3: =600*30 -> 18000 | E3: =700*30 -> 21000 | F3: =800*30 -> 24000
C4: Unit Price ($) | D4: 0.8 | E4: 0.8 | F4: 0.8
C5: Total Revenue ($) | D5: =D3*D4 -> 14400 | E5: =E3*E4 -> 16800 | F5: =F3*F4 -> 19200

Sheet Direct Materials Budget
F2: Monthly Requirement
B3: Material (Unit) | C3: Per Packet | D3: Unit Price | E3: Cost Per Packet | F3: 1st Month (18,000 Pkts) | G3: 2nd Month (21,000Pkts) | H3: 3rd Month (24,000Pkts)
B4: Water (Ml) | C4: 30 | D4: =0.5/2000 -> 0.00025 | E4: =C4*D4 -> 0.0075 | F4: =E4*18000 -> 135 | G4: =E4*21000 -> 157.5 | H4: =E4*24000 -> 180
B5: Milk (Ml) | C5: 50 | D5: =0.15/1000 -> 0.00015 | E5: =C5*D5 -> 0.0075 | F5: =E5*18000 -> 135 | G5: =E5*21000 -> 157.5 | H5: =E5*24000 -> 180
B6: Eggs (Pieces) | C6: 0.3 | D6: 0.5 | E6: =C6*D6 -> 0.15 | F6: =E6*18000 -> 2700 | G6: =E6*21000 -> 3150 | H6: =E6*24000 -> 3600
B7: Butter (g) | C7: 19 | D7: =0.2/1000 -> 0.0002 | E7: =C7*D7 -> 0.0038 | F7: =E7*18000 -> 68.4 | G7: =E7*21000 -> 79.8 | H7: =E7*24000 -> 91.2
B8: All Purpose flour (g) | C8: 151 | D8: =0.3/2000 -> 0.00015 | E8: =C8*D8 -> 0.02265 | F8: =E8*18000 -> 407.7 | G8: =E8*21000 -> 475.65 | H8: =E8*24000 -> 543.6
B9: Sugar (g) | C9: 19 | D9: =0.15/1000 -> 0.00015 | E9: =C9*D9 -> 0.00285 | F9: =E9*18000 -> 51.3 | G9: =E9*21000 -> 59.85 | H9: =E9*24000 -> 68.4
B10: Salt (g) | C10: 0.2 | D10: =0.5/1000 -> 0.0005 | E10: =C10*D10 -> 0.0001 | F10: =E10*18000 -> 1.8 | G10: =E10*21000 -> 2.1 | H10: =E10*24000 -> 2.4
B11: Yeast (g) | C11: 0.2 | D11: =1/100 -> 0.01 | E11: =C11*D11 -> 0.002 | F11: =E11*18000 -> 36 | G11: =E11*21000 -> 42 | H11: =E11*24000 -> 48
B12: Oil (Ml) | C12: 7 | D12: =0.3/2000 -> 0.00015 | E12: =C12*D12 -> 0.00105 | F12: =E12*18000 -> 18.9 | G12: =E12*21000 -> 22.05 | H12: =E12*24000 -> 25.2
B13: Coating sugar (g) | C13: 10 | D13: =0.2/1000 -> 0.0002 | E13: =C13*D13 -> 0.002 | F13: =E13*18000 -> 36 | G13: =E13*21000 -> 42 | H13: =E13*24000 -> 48
B15: Total Material Cost | E15: =SUM(E4:E14) -> 0.19945 | F15: =SUM(F4:F14) -> 3590.1 | G15: =SUM(G4:G14) -> 4188.45 | H15: =SUM(H4:H14) -> 4786.8

Sheet Direct Labour Budget
B3: Month | C3: 1st | D3: 2nd | E3: 3rd
B4: No. of Employees | C4: 4 | D4: 4 | E4: 4
B5: Unit Wages (Monthly) | C5: =15000/12 -> 1250 | D5: =15000/12 -> 1250 | E5: =15000/12 -> 1250
B6: Total Direct Labour Budget | C6: =C5*C4 -> 5000 | D6: =D5*D4 -> 5000 | E6: =E5*E4 -> 5000

Sheet MAnufacturing Overhead Budget
D2: Monthly Budget
C3: Overhead Item | D3: 1st | E3: 2nd | F3: 3rd
C4: Electricity | D4: =0.01*'Estimated Sales Budget'!D3 -> 180 | E4: =0.01*'Estimated Sales Budget'!E3 -> 210 | F4: =0.01*'Estimated Sales Budget'!F3 -> 240
C5: Management | D5: 2000 | E5: 2000 | F5: 2000
C6: Equipment Hire | D6: 1500 | E6: 1500 | F6: 1500
C7: Rent | D7: 100 | E7: 100 | F7: 100
C8: Security | D8: 300 | E8: 300 | F8: 300
C9: Telephone and Internet | D9: =0.005*'Estimated Sales Budget'!D3 -> 90 | E9: =0.005*'Estimated Sales Budget'!E3 -> 105 | F9: =0.005*'Estimated Sales Budget'!F3 -> 120
C10: Insurance | D10: 500 | E10: 500 | F10: 500
C12: Total Overhead Cost | D12: =SUM(D4:D10) -> 4670 | E12: =SUM(E4:E10) -> 4715 | F12: =SUM(F4:F10) -> 4760

Sheet S&A Expenses
D3: Monthly S&A budget
B4: Item | C4: Item Cost | D4: 1st | F4: 2nd | H4: 3rd
D5: Quantity | E5: Cost | F5: Quantity | G5: Cost | H5: Quantity | I5: Cost
B6: Truck Hire | C6: 1000 | D6: 1 | E6: =C6*D6 -> 1000 | F6: 1 | G6: =C6*F6 -> 1000 | H6: 1 | I6: =C6*H6 -> 1000
B7: Sales Person | C7: 0.08 | D7: 18000 | E7: =C7*D7 -> 1440 | F7: 21000 | G7: =C7*F7 -> 1680 | H7: 24000 | I7: =C7*H7 -> 1920
B8: Driver | C8: 1300 | D8: 1 | E8: =C8*D8 -> 1300 | F8: 1 | G8: =C8*F8 -> 1300 | H8: 1 | I8: =C8*H8 -> 1300
B9: Promotion Expenses | C9: 10 | D9: 50 | E9: =C9*D9 -> 500 | F9: 50 | G9: =C9*F9 -> 500 | H9: 50 | I9: =C9*H9 -> 500
B11: Total S&A Expenses | E11: =SUM(E6:E10) -> 4240 | G11: =SUM(G6:G10) -> 4480 | I11: =SUM(I6:I10) -> 4720

Sheet Estimated I S
C2: Month | D2: 1st | E2: 2nd | F2: 3rd
C3: Revenue | D3: ='Estimated Sales Budget'!D5 -> 14400 | E3: ='Estimated Sales Budget'!E5 -> 16800 | F3: ='Estimated Sales Budget'!F5 -> 19200
C4: Less:
C5: Direct Material | D5: ='Direct Materials Budget'!F15 -> 3590.1 | E5: ='Direct Materials Budget'!G15 -> 4188.45 | F5: ='Direct Materials Budget'!H15 -> 4786.8
C6: Direct Labour | D6: ='Direct Labour Budget'!C6 -> 5000 | E6: ='Direct Labour Budget'!D6 -> 5000 | F6: ='Direct Labour Budget'!E6 -> 5000
C7: Manufacturing Over Head | D7: ='MAnufacturing Overhead Budget'!D12 -> 4670 | E7: ='MAnufacturing Overhead Budget'!E12 -> 4715 | F7: ='MAnufacturing Overhead Budget'!F12 -> 4760
C8: Selling & Distribution | D8: ='S&A Expenses'!E11 -> 4240 | E8: ='S&A Expenses'!G11 -> 4480 | F8: ='S&A Expenses'!I11 -> 4720
C9: Total Costs | D9: =SUM(D5:D8) -> 17500.1 | E9: =SUM(E5:E8) -> 18383.45 | F9: =SUM(F5:F8) -> 19266.8
C10: Net Profit/Loss | D10: =D3-D9 -> -3100.1 | E10: =E3-E9 -> -1583.45 | F10: =F3-F9 -> -66.8

Sheet Costs Classification
B3: Manufacturing Expenses
B4: Variable Costs | C4: 1st Month | D4: 2nd Month | E4: 3rs Month
B5: Electricity | C5: 180 | D5: 210 | E5: 240
B6: Direct Materials | C6: 3590 | D6: 4188 | E6: 4787
B7: Telephone and Internet | C7: 90 | D7: 105 | E7: 120
B8: Total Manufacturing VC | C8: =SUM(C5:C7) -> 3860 | D8: =SUM(D5:D7) -> 4503 | E8: =SUM(E5:E7) -> 5147
B9: Fixed Costs
B10: Direct Labour | C10: 5000 | D10: 5000 | E10: 5000
B11: Management | C11: 2000 | D11: 2000 | E11: 2000
B12: Equipment Hire | C12: 1500 | D12: 1500 | E12: 1500
B13: Rent | C13: 100 | D13: 100 | E13: 100
B14: Security | C14: 300 | D14: 300 | E14: 300
B15: Insurance | C15: 500 | D15: 500 | E15: 500
B16: Total Manufacturing FC | C16: =SUM(C10:C15) -> 9400 | D16: =SUM(D10:D15) -> 9400 | E16: =SUM(E10:E15) -> 9400
B20: Selling and Distribution
B21: Variable Costs | C21: 1st Month | D21: 2nd Month | E21: 3rs Month
B22: Sales Person wages | C22: 1440 | D22: 1680 | E22: 1920
B23: Total S&A VC | C23: 1440 | D23: 1680 | E23: 1920
B24: Fixed Costs
B25: Truck Hire | C25: 1000 | D25: 1000 | E25: 1000
B26: Driver | C26: 1300 | D26: 1300 | E26: 1300
B27: Promotion Expenses | C27: 500 | D27: 500 | E27: 500
B28: Total S&A FC | C28: =SUM(C25:C27) -> 2800 | D28: =SUM(D25:D27) -> 2800 | E28: =SUM(E25:E27) -> 2800

Sheet Contribution Margin I S
B3: Month | C3: 1st | D3: 2nd | E3: 3rd
B4: Revenue | C4: ='Estimated Sales Budget'!D5 -> 14400 | D4: ='Estimated Sales Budget'!E5 -> 16800 | E4: ='Estimated Sales Budget'!F5 -> 19200
B5: Less:
B6: Manufacturing VC | C6: ='Costs Classification'!C8 -> 3860 | D6: ='Costs Classification'!D8 -> 4503 | E6: ='Costs Classification'!E8 -> 5147
B7: S&A Variable Costs | C7: ='Costs Classification'!C23 -> 1440 | D7: ='Costs Classification'!D23 -> 1680 | E7: ='Costs Classification'!E23 -> 1920
B8: Total Variable Costs | C8: =SUM(C6:C7) -> 5300 | D8: =SUM(D6:D7) -> 6183 | E8: =SUM(E6:E7) -> 7067
B9: Contribution Margin | C9: =C4-C8 -> 9100 | D9: =D4-D8 -> 10617 | E9: =E4-E8 -> 12133
B10: Units | C10: 18000 | D10: 21000 | E10: 24000
B11: Unit Copntribution Margin | C11: =C9/C10 -> 0.50555556 | D11: =D9/D10 -> 0.50557143 | E11: =E9/E10 -> 0.50554167

Sheet BEP
B3: Break Even Point
B4: Item | C4: Amount ($)
B5: Manufacturing FC | C5: 9400
B6: S&A Fixed Costs | C6: 2800
B8: Fixed cost per month | C8: =SUM(C5:C6) -> 12200
B9: Contribution margin | C9: ='Contribution Margin I S'!C11 -> 0.50555556
B10: BEP Units | C10: =C8/C9 -> 24131.868
B11: Unit Price | C11: 0.8
B12: BEP Dollars ($) | C12: =C10*C11 -> 19305.495
